 Dungeon Crawl Stone Soup version 0.19.0-20-gbc5f0c6 (webtiles) character file.

2482 dracos369 the Spear-Bearer (level 9, -5/71 HPs)
             Began as a Merfolk Chaos Knight on Nov 16, 2016.
             Slain by an orc warlord
             ... wielding a +0 war axe
              (35 damage)
             ... in a bailey.
             The game lasted 00:32:14 (5481 turns).

dracos369 the Spear-Bearer (Merfolk Chaos Knight)   Turns: 5481, Time: 00:32:16

Health: -5/71      AC:  5    Str: 21    XL:     9   Next: 51%
Magic:  0/12       EV: 16    Int: 12    God:    Xom [.*....]
Gold:   183        SH:  0    Dex: 13    Spells: 0 memorised, 8 levels left

rFire  . . .     SeeInvis .     g - +2 spear (vamp)
rCold  . . .     Gourm    .     B - +0 leather armour (curse)
rNeg   . . .     Faith    .     (no shield)
rPois  .         Spirit   +     o - +0 helmet
rElec  .         Reflect  .     (no cloak)
rCorr  .         Harm     .     (no gloves)
MR     .....                    e - +0 pair of boots
Stlth  ++........               J - amulet of guardian spirit
                                H - ring of wizardry
                                z - +6 ring of strength

@: cleaving, very slightly contaminated, hasted, very quick
A: change form in water, swift swim, stealthy swim
a: Renounce Religion


You were in a bailey.
You worshipped Xom.
You were a plaything of Xom.
You were not hungry.

You visited 2 branches of the dungeon, and saw 8 of its levels.
You also visited: Bailey.

You collected 325 gold pieces.
You spent 142 gold pieces at shops.

Inventory:

Hand Weapons
 a - a +0 spear of chaos
 g - a +2 vampiric spear (weapon)
Missiles
 d - 8 javelins
 u - 3 throwing nets (quivered)
 F - 2 tomahawks
Armour
 b - a +2 leather armour
 e - a +0 pair of boots (worn)
 l - +0 ice dragon scales
 o - a +0 helmet (worn)
 B - a cursed +0 leather armour (worn)
Jewellery
 z - a +6 ring of strength (left hand)
 H - a ring of wizardry (right hand)
 J - an amulet of guardian spirit (around neck)
Wands
 C - a wand of confusion (40/48)
 I - a wand of confusion (34/48)
Scrolls
 f - 3 scrolls of teleportation
 k - 4 scrolls of identify
 q - a scroll of enchant weapon
 s - a scroll of immolation
 w - 3 scrolls of blinking
 x - a scroll of recharging
Potions
 i - 2 potions of haste
 j - 2 potions of heal wounds
 m - a potion of brilliance
 n - 5 potions of degeneration
 p - 6 potions of curing
 E - 2 potions of beneficial mutation
 G - a potion of flight
Comestibles
 c - 4 bread rations
 h - 8 fruits
 r - 4 meat rations
 t - 2 beef jerkies
 A - 23 chunks of flesh


   Skills:
 + Level 6.6 Fighting
 - Level 12.2 Polearms
 - Level 0.6 Armour
 + Level 7.4 Dodging
 + Level 4.1 Stealth
 + Level 4.1 Evocations


You had 8 spell levels left.
You didn't know any spells.

Dungeon Overview and Level Annotations

Branches:
Dungeon (7/15)             Temple (1/1) D:4

Altars:
Ashenzari
Cheibriados
Dithmenos
Elyvilon
Fedhas
Gozag
Hepliaklqana
Kikubaaqudgha
Makhleb
Nemelex Xobeh
Okawaru
Qazlal
Ru
Trog
Uskayaw
Xom
Yredelemnul
Zin
The Shining One

Shops:
D:4 *   D:5 :


Message History

"This might be better!"
The orc warrior suddenly stops moving!
You are now a plaything of Xom.
The orc warrior hits your orange demon with a war axe!!
Your orange demon is killed!
You catch the helpless orc warlord completely off-guard!
You hit the orc warlord but do no damage.
The orc warlord is heavily wounded.
You barely miss the hobgoblin.
The orc warrior seems less confused.
The orc warrior completely misses the gnoll.
Unknown command.
You hit the orc warlord but do no damage.
The orc warlord is heavily wounded.
You catch the helpless hobgoblin completely off-guard!
You hit the hobgoblin but do no damage.
The orc knight barely misses your butterfly.
The orc knight misses your butterfly. x2
The orc warlord hits you with a war axe!!!
You die...
Xom guffaws!

###.....###.###...
###§
##.........###..... ##
#..........8##....o #
#..........8#g.g... #
#∩....⌠....)ooo.... #
#.........o8#.g...g #
#......b.o.8# .g..g #
##....o.ogo### o... ##
###.bb)@###.###.o.
###.
###.#)#.....###.###...
###.........###.....
#...).......#......
#...........#......
#.....⌠.....#.....⌠
#..........))......
#...........#).....
##.........###.....


You could see an orc warlord (confused), 2 orc knights, 4 orc warriors, a gnoll
and a hobgoblin (confused).

Vanquished Creatures
  An orc knight (Bailey)
  An ice beast (D:6)
  7 orc warriors (Bailey)
  3 ogres
  2 centaurs
  A bullfrog (D:6)
  A wyvern skeleton (D:5)
  A scorpion (D:4)
  A howler monkey (D:5)
  A crimson imp (D:5)
  An orc priest (D:3)
  A hound (D:6)
  A jelly (D:6)
  Ijyb (D:4)
  2 iguanas
  3 orc wizards
  3 worker ants
  A hound zombie (D:5)
  7 gnolls (Bailey)
  6 adders
  A shadow imp (D:6)
  A worm (D:6)
  3 dart slugs
  8 leopard geckos
  30 orcs
  3 ball pythons
  5 giant cockroaches
  27 goblins
  28 hobgoblins
  7 jackals
  6 kobolds
  A quokka (D:3)
  7 bats
  8 frilled lizards
  A jackal skeleton (D:6)
  A quokka zombie (D:6)
  10 rats
192 creatures vanquished.

Vanquished Creatures (collateral kills)
  An orc warrior (Bailey)
  Robin (D:2)
  4 hobgoblins
6 creatures vanquished.

Vanquished Creatures (others)
  A bullfrog (D:4)
  An orc wizard (D:4)
  An orc (D:3)
3 creatures vanquished.

Grand Total: 201 creatures vanquished

Notes
Turn   | Place    | Note
-------+----------+-------------------------------------------
     0 | D:1      | dracos369 the Merfolk Chaos Knight began the quest for the Orb.
     0 | D:1      | Reached XP level 1. HP: 18/18 MP: 1/1
    88 | D:1      | Reached skill level 5 in Polearms
   100 | D:1      | XOM: potion effect (invisibility)
   107 | D:1      | Reached XP level 2. HP: 17/24 MP: 2/2
   541 | D:1      | XOM: mild Hex miscast
   740 | D:1      | Reached skill level 6 in Polearms
   740 | D:1      | Reached XP level 3. HP: 29/29 MP: 3/3
  1022 | D:2      | Noticed Robin
  1115 | D:2      | XOM: cast spell 'Call Canine Familiar'
  1130 | D:2      | Killed Robin
  1133 | D:2      | XOM: harmless Tloc miscast
  1188 | D:2      | Reached XP level 4. HP: 33/35 MP: 4/4
  1192 | D:2      | Found a hide-covered altar of Uskayaw.
  1198 | D:2      | Reached skill level 7 in Polearms
  1401 | D:2      | XOM: silly message
  1457 | D:2      | XOM: noise
  1472 | D:2      | XOM: harmless Tloc miscast
  1582 | D:3      | XOM: cast spell 'Spider Form'
  1708 | D:3      | XOM: mild Tloc miscast
  1828 | D:3      | XOM: enchant monster (good)
  1829 | D:3      | XOM: divination: detect items
  1830 | D:3      | XOM: cast spell 'Cause Fear'
  1847 | D:3      | Reached skill level 8 in Polearms
  1847 | D:3      | Reached XP level 5. HP: 32/41 MP: 5/5
  2111 | D:3      | Noticed an ice beast
  2155 | D:4      | XOM: harmless Pois miscast
  2211 | D:4      | Noticed an ogre
  2252 | D:3      | Killed an ogre
  2252 | D:3      | Reached skill level 9 in Polearms
  2252 | D:3      | Reached XP level 6. HP: 43/47 MP: 6/6
  2390 | D:4      | XOM is BORED!
  2390 | D:4      | XOM: medium Erth miscast
  2458 | D:4      | Noticed Ijyb
  2476 | D:4      | Found Ozaywkek's Assorted Antiques.
  2508 | D:4      | Killed Ijyb
  2508 | D:4      | Reached skill level 10 in Polearms
  2513 | D:4      | Bought an amethyst potion for 16 gold pieces
  2513 | D:4      | Bought a scroll labeled NIRYUR NYAMNUNETZ for 18 gold pieces
  2513 | D:4      | Bought a silver ring for 90 gold pieces
  2513 | D:4      | Bought a scroll labeled CAFUCHEFAF for 18 gold pieces
  2690 | D:4      | XOM: harmless Chrm miscast
  2716 | D:4      | XOM: harmless Chrm miscast
  2797 | D:4      | Found a glowing silver altar of Zin.
  2797 | D:4      | Found a burning altar of Makhleb.
  2798 | D:4      | Noticed a balrug
  2798 | D:4      | Noticed an angel
  2951 | D:4      | XOM: divine lightning (protected)
  2989 | D:4      | XOM: potion effect (might)
  3007 | D:4      | Found a staircase to the Ecumenical Temple.
  3212 | Temple   | XOM: stealth player
  3212 | Temple   | Entered the Ecumenical Temple
  3225 | D:5      | Entered Level 5 of the Dungeon
  3238 | D:5      | Reached XP level 7. HP: 52/52 MP: 7/7
  3249 | D:5      | Found Vibuok's Book Emporium.
  3265 | D:5      | Reached skill level 11 in Polearms
  3357 | D:5      | XOM: harmless Summ miscast
  3359 | D:5      | XOM: blink monster(s)
  3384 | D:5      | XOM: enchant monster (bad)
  3390 | D:5      | Reached skill level 12 in Polearms
  3464 | D:5      | XOM: mild Necr miscast
  3759 | D:5      | Found a hazy altar of Hepliaklqana.
  3946 | D:6      | XOM: swap monsters
  3952 | D:6      | Reached XP level 8. HP: 33/59 MP: 8/8
  4225 | D:6      | Found a shimmering altar of Xom.
  4269 | D:6      | Reached skill level 5 in Dodging
  4325 | D:6      | XOM: 3-stop teleportation journey
  4456 | D:6      | Reached skill level 5 in Fighting
  4570 | D:6      | Reached skill level 1 in Evocations
  4576 | D:6      | Found a sacrificial altar of Ru.
  4604 | D:6      | XOM: divination: detect items
  4736 | D:7      | Found a flagged portal.
  4746 | Bailey   | Entered a bailey
  4842 | Bailey   | XOM: cast spell 'Cause Fear'
  4908 | Bailey   | Reached skill level 1 in Stealth
  4939 | Bailey   | Noticed an orc knight
  5011 | Bailey   | XOM: summons 5 friendly demons
  5143 | Bailey   | XOM: cleaving
  5148 | Bailey   | Reached XP level 9. HP: 67/68 MP: 8/11
  5214 | Bailey   | XOM is BORED!
  5309 | Bailey   | XOM: confusion (+ monsters)
  5321 | Bailey   | XOM: harmless Fire miscast
  5323 | Bailey   | Killed an orc knight
  5377 | Bailey   | XOM: noise
  5440 | Bailey   | XOM: harmless Summ miscast
  5443 | Bailey   | Noticed an orc knight
  5443 | Bailey   | Noticed an orc knight
  5443 | Bailey   | Noticed an orc warlord
  5455 | Bailey   | XOM: summons friendly orange demon
  5472 | Bailey   | XOM: butterfly on damage
  5476 | Bailey   | XOM: confuse monster(s)
  5479 | Bailey   | XOM: enchant monster (good)
  5481 | Bailey   | Slain by an orc warlord

Skill      XL: |  1  2  3  4  5  6  7  8  9 |
---------------+----------------------------+-----
Polearms       | 5 6 8 9 10 12 | 12.2
Dodging        | 3 6 7 |  7.4
Fighting       | 4 5 6 |  6.6
Evocations     | 3 4 |  4.1
Stealth        | 2 4 |  4.1
Armour         | |  0.6

Action                   |  1- 3 |  4- 6 |  7- 9 || total
-------------------------+-------+-------+-------++-------
Melee: Spear             |   120 |   263 |   578 ||   961
       Unarmed           |       |     5 |       ||     5
       Tailslap          |       |       |     7 ||     7
Throw: Throwing net      |       |       |     1 ||     1
Evoke: Wand              |       |       |     3 ||     3
  Use: Scroll            |       |     1 |    17 ||    18
       Potion            |       |       |     3 ||     3
 Stab: Sleeping          |     2 |     3 |     1 ||     6
       Distracted        |       |     1 |       ||     1
       Confused          |       |       |     6 ||     6
       Invisible         |       |       |     3 ||     3
  Eat: Meat ration       |     1 |       |       ||     1
       Chunk             |     1 |     6 |     8 ||    15
Armor: Leather armour    |    23 |    43 |    53 ||   119
Dodge: Dodged            |    40 |    89 |   140 ||   269
